 Dungeon Crawl Stone Soup version 0.21-a0-513-gdcb3f5eb25 (webtiles) character file.

632637 JackS81 the Hoplite (level 27, -3/259 HPs)
             Began as a Minotaur Monk on Nov 26, 2017.
             Was the Champion of Okawaru.
             Slain by a red devil
             ... wielding a +0 trident
              (9 damage)
             ... on level 5 of the Realm of Zot on Dec 2, 2017.
             The game lasted 07:25:48 (58839 turns).

JackS81 the Hoplite (Minotaur Monk)                Turns: 58839, Time: 07:25:49

Health: -3/259     AC: 31    Str: 28      XL:     27
Magic:  0/11       EV: 23    Int:  2 (8)  God:    Okawaru [******]
Gold:   5034       SH: 34    Dex: 25 (27) Spells: 24/33 levels left

rFire    + + +     SeeInvis .   M - +9 morningstar (antimagic)
rCold    + + .     Gourm    .   l - +7 large shield "Kutitt" {rF+ Stlth+}
rNeg     + . .     Faith    .   d - +12 gold dragon scales
rPois    +         Spirit   .   (helmet unavailable)
rElec    .         Reflect  .   O - scarf of Indomitability {-Cast rC+ MR+ Str+5}
rCorr    .         Harm     .   U - +0 pair of gloves of the Four Wonders {rC- rN+ Regen+ Dex+5}
MR       +++..     NoCast   +   (no boots)
Stlth    ..........             f - amulet of regeneration
HPRegen  1.33/turn              I - ring of protection from fire
MPRegen  0.12/turn              b - +5 ring of strength

@: brilliant, about to teleport, hasted and slowed, lost intelligence
A: retaliatory headbutt, horns 3, talons 1, repulsion field 1, blurry vision 1,
clumsy 1, cold resistance 1, deformed body, dopey 2, screaming 1, MP-powered
wands
0: Orb of Zot
}: 3/15 runes: decaying, silver, gossamer
a: Heroism, Finesse, Renounce Religion


You were on level 5 of the Realm of Zot.
You worshipped Okawaru.
Okawaru was exalted by your worship.
You were very hungry.

You visited 10 branches of the dungeon, and saw 49 of its levels.
You also visited: Sewer and Ossuary.

You collected 5990 gold pieces.
You spent 956 gold pieces at shops.

Inventory:

Hand Weapons
 k - a +5 great mace of holy wrath
 F - a +3 sacred scourge of holy wrath
 M - a +9 antimagic morningstar (weapon)
Missiles
 E - 73 tomahawks (quivered)
Armour
 a - a +0 large shield of protection
 d - +12 gold dragon scales (worn)
 g - a scarf of resistance
 l - the +7 large shield "Kutitt" (worn) {rF+ Stlth+}
   (You found it on level 1 of the Spider Nest)

   It protects you from fire.
   It makes you more stealthy.
 m - the +3 plate armour of Valour {rC+ rCorr SInv}
   (You took it off a merfolk impaler on level 3 of the Depths)

   It protects you from cold.
   It lets you see invisible.
   It protects you from acid and corrosion.
 K - +0 storm dragon scales
 O - the scarf of Indomitability (worn) {-Cast rC+ MR+ Str+5}
   (Okawaru gifted it to you on level 1 of the Swamp)

   It affects your strength (+5).
   It protects you from cold.
   It affects your resistance to hostile enchantments.
   It prevents spellcasting.
 R - a +2 cloak of magic resistance
 T - the +5 plate armour of Incorporation {rPois rC+ Str-2 SInv}
   (You bought it in a shop on level 2 of the Orcish Mines)

   It affects your strength (-2).
   It protects you from cold.
   It protects you from poison.
   It lets you see invisible.
 U - the +0 pair of gloves of the Four Wonders (worn) {rC- rN+ Regen+ Dex+5}
   (Okawaru gifted it to you on level 2 of the Lair of Beasts)

   It affects your dexterity (+5).
   It makes you vulnerable to cold.
   It protects you from negative energy.
   It increases your rate of regeneration.
 W - a +2 shield of positive energy
Jewellery
 b - a +5 ring of strength (right hand)
 f - an amulet of regeneration (around neck)
 u - an uncursed ring of protection from cold
 I - a ring of protection from fire (left hand)
 Q - an uncursed ring of poison resistance
 S - an uncursed ring of flight
Wands
 r - a wand of clouds (4)
 t - a wand of digging (35)
 y - a wand of iceblast (21)
 V - a wand of acid (26)
 X - a wand of scattershot (8)
 Y - a wand of paralysis (71)
Scrolls
 j - 4 scrolls of fear
 n - 2 scrolls of identify
 p - 15 scrolls of magic mapping
 s - a scroll of enchant armour
 B - 8 scrolls of enchant weapon
 D - 15 scrolls of teleportation
 G - 24 scrolls of remove curse
 L - 3 scrolls of brand weapon
 N - 9 scrolls of fog
 P - 7 scrolls of silence
 Z - 5 scrolls of blinking
Potions
 i - 21 potions of curing
 q - 10 potions of agility
 v - 7 potions of flight
 w - 2 potions of brilliance
 x - 2 potions of berserk rage
 C - 7 potions of haste
 H - 3 potions of might
Miscellaneous
 e - 3 boxes of beasts
 J - a lightning rod (4/4)
Comestibles
 c - 11 bread rations
 h - 19 meat rations
 o - 18 royal jellies


   Skills:
 + Level 23.6 Fighting
 + Level 23.8 Maces & Flails
 * Level 21.6 Armour
 * Level 18.4 Dodging
 - Level 1.5 Stealth
 - Level 25.0 Shields
 * Level 3.7 Spellcasting
 * Level 3.6 Charms
 * Level 4.0 Summonings
 * Level 3.9 Necromancy
 * Level 3.9 Translocations
 - Level 10.5 Invocations
 * Level 15.2 Evocations


You had 24 spell levels left.
You knew the following spells:

 Your Spells              Type           Power        Failure   Level  Hunger
a - Summon Butterflies    Summ           #.......     10%         1    ##.....
b - Apportation           Tloc           #.....       10%         1    ##.....
c - Regeneration          Chrm/Necr      #.........   28%         3    ####...
d - Blink                 Tloc           N/A          14%         2    ###....
e - Shroud of Golubria    Chrm/Tloc      #.........   14%         2    ###....


Dungeon Overview and Level Annotations

Branches:
Dungeon (15/15)            Temple (1/1) D:7            Lair (6/6) D:11
  Swamp (4/4) Lair:3       Spider (4/4) Lair:4        Slime (0/5) Lair:5
    Orc (2/2) D:11            Elf (2/3) Orc:2        Vaults (5/5) D:13
  Crypt (0/3) Vaults:3     Depths (5/5) D:15            Zot (5/5) Depths:5

Altars:
Ashenzari
Cheibriados
Dithmenos
Elyvilon
Fedhas
Gozag
Hepliaklqana
Kikubaaqudgha
Makhleb
Nemelex Xobeh
Okawaru
Qazlal
Ru
Sif Muna
Trog
Uskayaw
Vehumet
Wu Jian
Xom
Yredelemnul
Zin
The Shining One
Beogh

Shops:
D:6 =   D:10 :   D:12 }   Orc:1 }   Orc:2 [[**   Elf:1 =   Vaults:5 [   Zot:4 *
Depths:4 }   Depths:5 *

Portals:
Hell: Depths:1 Depths:2 Depths:3 Depths:4 Depths:5
Abyss: Depths:2 Depths:4
Pandemonium: Depths:3
Ziggurat: Depths:2
Trove: Depths:4 (give 22 scrolls of identify)

Annotations:
Lair:5 exclusion: 4 oklob plants
Elf:2 2 runed doors
Zot:5 exclusion: 2 orange crystal statues


Innate Abilities, Weirdness & Mutations

You reflexively headbutt those who attack you in melee.
You have a pair of large horns on your head.
You have sharp toenails.
You are surrounded by a mild repulsion field. (EV +2)
Scrolls take you a little longer to read.
You are clumsy. (Dex -2)
Your flesh is cold resistant. (rC+)
Armour fits poorly on your strangely shaped body.
You are very dopey. (Int -4)
You occasionally shout uncontrollably at your foes.
You expend magic power (3 MP) to strengthen your wands.


Message History

Something stings you but does no damage.
Okay, then.
You don't have enough magic at the moment.
Okay, then.
You feel yourself speed up.
You block the golden dragon's attack. x2
The golden dragon closely misses you. The red devil completely misses you.
The moth of wrath completely misses you.
The moth of wrath goads the storm dragon on!
The storm dragon goes berserk!
The golden dragon bites you!!
* * * LOW HITPOINT WARNING * * *
The golden dragon claws you!!
* * * LOW HITPOINT WARNING * * *
The golden dragon misses you.
You feel you are being watched by something.
Something hits you but does no damage. x2; Something stings you.
* * * LOW HITPOINT WARNING * * *
You block the orange demon's attack.
The moth of wrath completely misses you.
The red devil hits you from afar with a trident!
You die...

▓▓▓▓▓▓▓▓▓▓▓▓▓▓▓
▓▓▓▓@.Xy.........▓▓
▓▓..3yD4.............▓
▓▓....DD4..............
▓....Gp................
▓......................
▓▓......q..............
▓▓..................dd
▓▓.................qX
▓▓..................d.


You could see a Killer Klown, 2 golden dragons, a storm dragon (berserk), an Orb
Guardian (berserk), a black draconian annihilator, an orange demon, 2 moths of
wrath, an eye of draining, a neqoxec and a red devil.

Vanquished Creatures
  A pandemonium lord (Zot:5)
  6 orbs of fire
  Mennas (Vaults:5)
  7 ancient liches
  4 juggernauts
  Boris (Vaults:1)
  Saint Roka (Depths:4)
  2 curse toes
  8 caustic shrikes
  5 Killer Klowns (Zot:5)
  8 golden dragons
  Nikola (Spider:3)
  6 electric golems
  3 liches
  23 Orb Guardians (Zot:5)
  20 tentacled monstrosities
  9 titans
  4 quicksilver dragons
  A deep elf blademaster (Elf:2)
  Frances (D:12)
  6 death cobs
  An ancient champion (Vaults:3)
  4 sphinxes
  Agnes (Elf:1)
  13 shadow dragons
  2 thorn hunters
  A storm dragon (shapeshifter) (Vaults:4)
  9 tengu reavers
  13 storm dragons
  4 draconian monks
  8 fire giants
  An azure jelly (shapeshifter) (Depths:2)
  An iron dragon (Depths:4)
  9 frost giants
  A frost giant (shapeshifter) (Depths:2)
  6 ghost moths
  2 draconian knights
  12 draconian scorchers
  13 vault wardens
  The ghost of bosakos the Unseen, an adept SpEn of Dithmenos (Elf:1)
  4 draconian stormcallers
  3 orc warlords
  2 deep elf elementalists
  4 emperor scorpions
  3 draconian annihilators
  12 ironheart preservers
  5 draconian shifters
  2 deep elf sorcerers
  A reaper (Depths:3)
  2 spriggan defenders (Depths:3)
  8 very ugly things
  6 entropy weavers
  2 vampire knights
  14 green draconians
  18 black draconians
  7 dire elephants
  20 stone giants
  A lorocyproca (Zot:5)
  4 deep elf annihilators
  8 purple draconians
  16 yellow draconians
  11 red draconians
  7 deep elf death magi
  9 spark wasps
  4 deep elf demonologists
  5 white draconians
  10 ettins
  A death ooze (Swamp:4)
  4 fire dragons
  2 merfolk impalers (Depths:3)
  A crystal guardian (Vaults:5)
  The ghost of Tristus the Grappler, a journeyman TrMo of Wu Jian (D:13)
  6 great orbs of eyes
  2 green deaths (Swamp:4)
  7 ice dragons
  A great orb of eyes (shapeshifter) (Depths:4)
  37 vault guards
  20 yaktaur captains
  3 deep elf high priests
  5 rakshasas
  2 hell beasts (Swamp:4)
  17 hydras
  3 catoblepae
  An anaconda (Lair:6)
  3 death knights
  3 spriggan air magi
  12 ogre magi
  9 centaur warriors
  43 two-headed ogres
  23 dancing weapons
  Erolcha (Orc:2)
  8 death scarabs (Spider:4)
  11 alligators
  3 hell hogs (Depths:2)
  2 tengu warriors
  8 death yaks (Lair:4)
  7 deep troll shamans
  3 deep troll earth magi
  6 spriggan berserkers
  4 vampire magi
  2 orc high priests
  A small abomination (Vaults:5)
  15 deep elf knights
  A fire crab (shapeshifter) (Vaults:3)
  3 unseen horrors
  7 hell knights (Depths:4)
  2 glowing orange brains
  4 spectral wolf spiders (Spider:4)
  4 flayed ghosts
  24 deep trolls
  6 iron trolls
  4 large abominations
  6 swamp dragons
  20 wizards
  An orange crystal statue (Depths:1)
  16 deep elf archers
  13 ironbrand convokers
  A shadow demon (Zot:5)
  12 orc knights
  5 phantasmal warriors
  16 orb spiders
  A lindwurm (Lair:6)
  3 harpies (Vaults:2)
  2 shambling mangroves (Swamp:4)
  36 ugly things
  A necromancer (Vaults:5)
  55 deep elf magi
  27 wolf spiders
  A salamander (D:15)
  12 orc sorcerers
  10 cyclopes
  22 moths of wrath
  18 vault sentinels
  A titan simulacrum (Vaults:5)
  2 guardian serpents (shapeshifter)
  3 centaur zombies
  Maurice (D:9)
  4 orange demons (Swamp:4)
  6 black mambas
  7 elephants (Lair:6)
  8 spiny frogs
  A gargoyle (D:13)
  2 torpor snails
  4 kobold demonologists
  A spectral redback (Spider:4)
  An ice devil (Depths:3)
  10 freezing wraiths
  11 komodo dragons
  2 redback zombies
  5 rime drakes
  65 yaktaurs
  17 demonic crawlers
  6 meliai (D:14)
  3 tengu conjurers
  2 hellwings
  36 jumping spiders
  A queen bee (shapeshifter) (Depths:1)
  6 trolls
  5 tyrant leeches
  A polar bear (shapeshifter) (Depths:5)
  4 spectral tarantellas (Spider:4)
  22 hornets
  A hornet (shapeshifter) (Depths:5)
  12 blink frogs
  7 hippogriffs
  A harpy skeleton (D:15)
  A jumping spider zombie (Spider:4)
  2 spectral jumping spiders (Spider:4)
  A fire giant simulacrum (Vaults:1)
  A slime creature (shapeshifter) (Vaults:5)
  10 bog bodies
  41 slime creatures
  A human simulacrum (Vaults:1)
  63 redbacks
  12 water elementals
  31 tarantellas
  2 air elementals (Depths:5)
  A tarantella (shapeshifter) (Depths:2)
  10 spriggans
  21 yaks
  6 shadows
  A yak (shapeshifter) (Vaults:1)
  6 wraiths
  A wyvern (shapeshifter) (Vaults:5)
  4 basilisks
  A human (shapeshifter) (Elf:1)
  A human (D:11)
  2 fire elementals
  2 hogs (D:11)
  10 vampire mosquitoes
  A steam dragon (D:11)
  A chaos spawn (Depths:3)
  16 swamp worms
  A neqoxec (Depths:3)
  2 acid dragons
  6 insubstantial wisps (Swamp:2)
  8 wargs
  16 water moccasins
  A deep troll zombie (Vaults:5)
  11 hell hounds
  9 porcupines
  2 floating eyes
  A water moccasin (shapeshifter) (Vaults:5)
  3 spectral hornets (Spider:4)
  A sky beast (D:11)
  2 hornet zombies (Spider:4)
  45 orc warriors
  6 swamp drakes
  2 ice beasts
  2 black bears
  2 eyes of draining (Depths:2)
  5 necrophages
  3 phantoms
  35 ogres
  2 boggarts (Depths:1)
  A tengu (shapeshifter) (Vaults:5)
  20 centaurs
  14 crocodiles
  7 wolves (Lair:1)
  A big kobold (shapeshifter) (Depths:5)
  3 elf zombies
  12 big kobolds
  17 bullfrogs
  2 wyvern zombies
  2 wyvern skeletons
  3 scorpions
  5 killer bees (D:11)
  4 wights
  6 crimson imps
  11 hounds
  3 jellies
  25 orc priests
  4 human zombies (D:14)
  46 orc wizards
  A bullfrog skeleton (D:4)
  8 gnoll shamans
  5 centaur skeletons
  6 iguanas
  6 hell rats (Lair:4)
  7 worker ants
  A big kobold zombie (Ossuary)
  2 hound zombies
  10 mummies
  A howler monkey zombie (D:11)
  A worker ant zombie (D:6)
  2 howler monkey skeletons
  16 adders
  27 gnolls
  6 shadow imps
  5 oozes
  An adder skeleton (D:4)
  2 worms
  2 dart slugs
  9 leopard geckos
  112 orcs
  3 ball pythons
  10 bats
  13 giant cockroaches
  2 gnoll zombies (Ossuary)
  9 hobgoblins
  7 jackals
  8 quokkas
  7 frilled lizards
  15 goblins
  A hobgoblin zombie (Ossuary)
  32 kobolds
  3 kobold zombies (Ossuary)
  A leopard gecko skeleton (D:5)
  An orc zombie (Ossuary)
  A quokka skeleton (D:4)
  8 rats
  4 fungi
  2 plants
2233 creatures vanquished.

Vanquished Creatures (collateral kills)
  2 Orb Guardians (Zot:5)
  A vault guard (Depths:4)
  A moth of wrath (Zot:5)
  An orc (Depths:4)
5 creatures vanquished.

Vanquished Creatures (others)
  3 draconian knights
  A green draconian (Zot:2)
  A white draconian (Zot:2)
  A shadow wraith (Vaults:5)
  An ogre (Vaults:5)
  A centaur (Depths:2)
  A big kobold (shapeshifter) (Depths:5)
  An iron imp (Zot:5)
  2 orc wizards (Orc:2)
  9 fungi
  21 plants
42 creatures vanquished.

Grand Total: 2280 creatures vanquished

Notes
Turn   | Place    | Note
-------+----------+-------------------------------------------
     0 | D:1      | JackS81 the Minotaur Monk began the quest for the Orb.
     0 | D:1      | Reached XP level 1. HP: 19/19 MP: 0/0
    97 | D:1      | Reached XP level 2. HP: 24/26 MP: 1/1
   100 | D:1      | Reached skill level 1 in Armour
   569 | D:1      | Reached XP level 3. HP: 31/31 MP: 2/2
   888 | D:2      | Reached skill level 5 in Maces & Flails
   900 | D:2      | Reached skill level 1 in Shields
   900 | D:2      | Reached XP level 4. HP: 25/39 MP: 3/3
  1015 | D:2      | HP: 1/58 [orc priest/divine providence (15)]
  1018 | D:2      | Reached XP level 5. HP: 3/45 MP: 4/4
  1146 | D:2      | Found a hide-covered altar of Uskayaw.
  1146 | D:2      | Found a blossoming altar of Fedhas.
  1291 | D:2      | Found a stormy altar of Qazlal.
  1347 | D:2      | Found a snail-covered altar of Cheibriados.
  1490 | D:2      | Found a glowing silver altar of Zin.
  1490 | D:2      | Noticed an angel
  1735 | D:3      | Found a shadowy altar of Dithmenos.
  2282 | D:3      | Reached skill level 2 in Shields
  2289 | D:3      | Reached XP level 6. HP: 46/51 MP: 5/5
  2811 | D:4      | Found a bloodstained altar of Trog.
  2958 | D:4      | Found a burning altar of Makhleb.
  3138 | D:5      | Entered Level 5 of the Dungeon
  3400 | D:5      | Reached XP level 7. HP: 55/57 MP: 6/6
  3495 | D:5      | Found a glowing drain.
  3500 | Sewer    | Entered a sewer
  3530 | Sewer    | Reached skill level 3 in Shields
  4047 | D:6      | Reached skill level 5 in Armour
  4110 | D:6      | Reached XP level 8. HP: 56/63 MP: 7/7
  4148 | D:6      | Reached skill level 4 in Shields
  4333 | D:6      | Found a sand-covered staircase.
  4342 | Ossuary  | Entered an ossuary
  4653 | D:6      | Reached skill level 10 in Maces & Flails
  5047 | D:6      | Found Qupa's Jewellery Emporium.
  5055 | D:6      | Bought an uncursed ring of poison resistance for 200 gold pieces
  5168 | D:6      | Reached XP level 9. HP: 69/69 MP: 8/8
  5565 | D:7      | Found a staircase to the Ecumenical Temple.
  5568 | D:7      | Noticed a two-headed ogre
  5588 | D:7      | Killed a two-headed ogre
  5588 | D:7      | Reached skill level 5 in Dodging
  5588 | D:7      | Reached skill level 1 in Evocations
  5605 | Temple   | Entered the Ecumenical Temple
  5778 | Temple   | Upgraded the game from 0.21-a0-504-g2eda33064f to 0.21-a0-506-ga0ee87aef2
  5778 | Temple   | Became a worshipper of Warmaster Okawaru
  5778 | Temple   | Reached * piety under Okawaru
  5778 | Temple   | Reached ** piety under Okawaru
  6138 | D:7      | Reached skill level 1 in Invocations
  6207 | D:7      | Found a sparkling altar of Nemelex Xobeh.
  6218 | D:7      | Found a white marble altar of Elyvilon.
  6459 | D:8      | Found a radiant altar of Vehumet.
  6802 | D:8      | Got a brightly glowing trident
  6806 | D:8      | Identified the +11 trident "Kyuduhon" {drain, Str+6} (You found it on level 8 of the Dungeon)
  7199 | D:9      | Noticed Maurice
  7214 | D:9      | Paralysed by Maurice for 3 turns
  7218 | D:9      | Killed Maurice
  7333 | D:9      | Reached skill level 5 in Fighting
  7333 | D:9      | Reached XP level 10. HP: 80/80 MP: 11/11
  7495 | D:9      | Reached *** piety under Okawaru
  7829 | D:9      | Gained mutation: Your flesh is cold resistant. (rC+) [potion of mutation]
  7829 | D:9      | Gained mutation: You have a pair of large horns on your head. [potion of mutation]
  7829 | D:9      | Gained mutation: You are surrounded by a mild repulsion field. (EV +2) [potion of mutation]
  8439 | D:10     | Entered Level 10 of the Dungeon
  8695 | D:10     | Found Jogy's Book Boutique.
  8910 | D:10     | Reached **** piety under Okawaru
  9227 | D:10     | Noticed a two-headed ogre
  9248 | D:10     | Killed a two-headed ogre
  9248 | D:10     | Reached skill level 10 in Armour
  9513 | D:11     | Noticed a two-headed ogre
  9750 | D:11     | Reached XP level 11. HP: 54/91 MP: 13/13
  9755 | D:11     | Reached ***** piety under Okawaru
  9852 | D:11     | Killed a two-headed ogre
 10027 | D:11     | Reached skill level 5 in Evocations
 10295 | D:11     | Reached skill level 5 in Invocations
 10322 | D:11     | Found a staircase to the Lair.
 10514 | D:11     | Found a staircase to the Orcish Mines.
 10530 | D:11     | Found a roughly hewn altar of Beogh.
 10789 | Lair:1   | Entered Level 1 of the Lair of Beasts
 10956 | Lair:1   | Received a gift from Okawaru
 11971 | Lair:2   | Noticed a five-headed hydra
 11987 | Lair:2   | Killed a five-headed hydra
 11991 | Lair:2   | Received a gift from Okawaru
 11991 | Lair:2   | Reached ****** piety under Okawaru
 11991 | Lair:2   | Reached XP level 12. HP: 44/103 MP: 2/15
 11998 | Lair:2   | Got a pair of ancient gloves {god gift}
 12009 | Lair:2   | Identified the +0 pair of gloves of the Four Wonders {rC- rN+ Regen+ Dex+5} (Okawaru gifted it to you on level 2 of the Lair of Beasts)
 12391 | Lair:2   | Identified the +5 battleaxe "Justryr" {vamp, rN+ Dex+3} (You found it on level 2 of the Lair of Beasts)
 13164 | Lair:3   | Found a staircase to the Swamp.
 13588 | Lair:3   | Noticed a six-headed hydra
 13588 | Lair:3   | Noticed a catoblepas
 13608 | Lair:3   | Killed a six-headed hydra
 13617 | Lair:3   | Killed a catoblepas
 13766 | Lair:4   | Noticed a death yak
 13766 | Lair:4   | Noticed a death yak
 13767 | Lair:4   | Noticed a death yak
 13780 | Lair:4   | Killed a death yak
 13785 | Lair:4   | Killed a death yak
 13791 | Lair:4   | Killed a death yak
 13926 | Lair:4   | Reached skill level 10 in Fighting
 14115 | Lair:4   | Found a hole to the Spider Nest.
 14222 | Lair:4   | Noticed a death yak
 14223 | Lair:4   | Noticed a death yak
 14232 | Lair:4   | Noticed a death yak
 14235 | Lair:4   | Noticed a death yak
 14235 | Lair:4   | Noticed a death yak
 14240 | Lair:4   | Killed a death yak
 14245 | Lair:4   | Killed a death yak
 14245 | Lair:4   | Received a gift from Okawaru
 14257 | Lair:4   | Killed a death yak
 14257 | Lair:4   | Reached XP level 13. HP: 91/113 MP: 4/17
 14710 | Lair:5   | You fall through a shaft!
 14710 | Lair:6   | Entered Level 6 of the Lair of Beasts
 14789 | Lair:6   | Reached skill level 15 in Maces & Flails
 15633 | Lair:6   | Noticed a dire elephant
 15633 | Lair:6   | Noticed a dire elephant
 15653 | Lair:6   | Killed a dire elephant
 15666 | Lair:6   | Killed a dire elephant
 15666 | Lair:6   | Received a gift from Okawaru
 15720 | Lair:6   | Noticed a dire elephant
 15740 | Lair:6   | Killed a dire elephant
 15812 | Lair:6   | Noticed a dire elephant
 15827 | Lair:6   | Killed a dire elephant
 15896 | Lair:6   | Noticed a dire elephant
 15910 | Lair:6   | Killed a dire elephant
 16064 | Lair:6   | Noticed a dire elephant
 16080 | Lair:6   | Killed a dire elephant
 16346 | Lair:5   | Found a staircase to the Slime Pits.
 16439 | Lair:5   | Reached XP level 14. HP: 95/125 MP: 6/19
 17012 | Orc:1    | Entered Level 1 of the Orcish Mines
 17110 | Orc:1    | Found a roughly hewn altar of Beogh.
 17219 | Orc:1    | Noticed an orc warlord
 17273 | Orc:1    | Killed an orc warlord
 17622 | Orc:1    | Found Sequonil's Gadget Emporium.
 17787 | Orc:1    | Found a roughly hewn altar of Beogh.
 17801 | Orc:1    | Gained mutation: Scrolls take you a little longer to read. [a neqoxec]
 17865 | Orc:1    | Received a gift from Okawaru
 17951 | Orc:1    | Upgraded the game from 0.21-a0-506-ga0ee87aef2 to 0.21-a0-508-gf08a75f26b
 18072 | Orc:2    | Entered Level 2 of the Orcish Mines
 18219 | Orc:2    | Found Biquseer's Assorted Antiques.
 18219 | Orc:2    | Found Istresk's Antique Armour Shoppe.
 18223 | Orc:2    | Found Fizycrist's Armour Shoppe.
 18279 | Orc:2    | Found Ceestrurgh's General Store.
 18455 | Orc:2    | Noticed Erolcha
 18477 | Orc:2    | Killed Erolcha
 18554 | Orc:2    | Noticed an orc warlord
 18584 | Orc:2    | Killed an orc warlord
 18775 | Orc:2    | Found a shimmering altar of Xom.
 18794 | Orc:2    | Found a staircase to the Elven Halls.
 19237 | D:12     | Noticed Frances
 19252 | D:12     | Killed Frances
 19605 | D:12     | Received a gift from Okawaru
 19804 | D:12     | Paralysed by a wizard for 6 turns
 19977 | D:12     | Reached XP level 15. HP: 137/137 MP: 7/21
 20067 | D:12     | Reached skill level 10 in Invocations
 20099 | D:12     | Found Aqosh's Gadget Emporium.
 21034 | D:13     | Received a gift from Okawaru
 21035 | D:13     | Gained mutation: You expend magic power (3 MP) to strengthen your wands. [a neqoxec]
 21122 | D:13     | Found a gate to the Vaults.
 21138 | D:13     | Received a gift from Okawaru
 21304 | D:13     | Noticed Tristus's ghost (journeyman TrMo)
 21322 | D:13     | Killed Tristus's ghost
 21945 | Swamp:1  | Entered Level 1 of the Swamp
 21951 | Swamp:1  | Received a gift from Okawaru
 21986 | Swamp:1  | Got an ancient scarf {god gift}
 21997 | Swamp:1  | Identified the scarf of Indomitability {-Cast rC+ MR+ Str+5} (Okawaru gifted it to you on level 1 of the Swamp)
 22279 | Swamp:1  | Reached skill level 15 in Fighting
 22302 | Swamp:1  | Reached skill level 10 in Evocations
 22546 | Swamp:1  | Noticed a thorn hunter
 22560 | Swamp:1  | Killed a thorn hunter
 23225 | Swamp:2  | Found a hazy altar of Hepliaklqana.
 23253 | Swamp:2  | Reached skill level 10 in Dodging
 23491 | Swamp:2  | Received a gift from Okawaru
 23549 | Swamp:2  | Found a glowing golden altar of the Shining One.
 24036 | Swamp:3  | Got a faintly glowing short sword
 24037 | Swamp:3  | Identified the +5 short sword "Putydak" {speed, rElec Str+7} (You found it on level 3 of the Swamp)
 24564 | Swamp:4  | Entered Level 4 of the Swamp
 24646 | Swamp:4  | Noticed a tentacled monstrosity
 24657 | Swamp:4  | Killed a tentacled monstrosity
 24657 | Swamp:4  | Reached XP level 16. HP: 151/151 MP: 0/22
 25253 | Swamp:4  | Received a gift from Okawaru
 25287 | Swamp:4  | Reached skill level 15 in Armour
 25739 | Swamp:4  | Got a decaying rune of Zot
 25839 | Swamp:4  | Noticed a thorn hunter
 25854 | Swamp:4  | Killed a thorn hunter
 26395 | Orc:2    | Bought a bloodstained plate armour for 756 gold pieces
 26409 | Orc:2    | Identified the +5 plate armour of Incorporation {rPois rC+ Str-2 SInv} (You bought it in a shop on level 2 of the Orcish Mines)
 26575 | Spider:1 | Entered Level 1 of the Spider Nest
 26930 | Spider:1 | Got a shimmering large shield
 26941 | Spider:1 | Identified the +7 large shield "Kutitt" {rF+ Stlth+} (You found it on level 1 of the Spider Nest)
 27002 | Spider:1 | Received a gift from Okawaru
 27513 | Spider:1 | Reached skill level 5 in Shields
 27980 | Spider:2 | Reached skill level 6 in Shields
 28372 | Spider:2 | Reached XP level 17. HP: 161/161 MP: 8/24
 28384 | Spider:2 | Reached skill level 7 in Shields
 28908 | Spider:3 | Reached skill level 8 in Shields
 29079 | Spider:3 | Reached skill level 9 in Shields
 29151 | Spider:3 | Received a gift from Okawaru
 29191 | Spider:3 | Noticed Nikola
 29206 | Spider:3 | Killed Nikola
 29552 | Spider:4 | Entered Level 4 of the Spider Nest
 29562 | Spider:4 | Reached skill level 10 in Shields
 30071 | Spider:4 | Identified the Reference Book on Toxins and Calling
 30474 | Spider:4 | Reached skill level 11 in Shields
 30978 | Spider:4 | Reached skill level 12 in Shields
 31228 | Spider:4 | Received a gift from Okawaru
 31384 | Spider:4 | Reached XP level 18. HP: 171/171 MP: 8/25
 31391 | Spider:4 | Got a gossamer rune of Zot
 31435 | Spider:4 | Reached skill level 13 in Shields
 31960 | D:14     | Identified a scroll of acquirement
 31968 | D:14     | Got a shimmering eveningstar
 31973 | D:14     | Identified the +3 eveningstar "Dicloruf" {vamp, rElec} (You acquired it on level 14 of the Dungeon)
 32038 | D:14     | Found a basalt altar of Yredelemnul.
 32267 | D:14     | Found a hazy altar of Hepliaklqana.
 32302 | D:15     | Entered Level 15 of the Dungeon
 32446 | D:15     | Found a staircase to the Depths.
 32761 | D:15     | Reached skill level 14 in Shields
 32865 | D:15     | Found a sacrificial altar of Ru.
 33544 | Elf:1    | Entered Level 1 of the Elven Halls
 33611 | Elf:1    | Noticed bosakos's ghost (adept SpEn)
 33644 | Elf:1    | Killed bosakos's ghost
 33883 | Elf:1    | Received a gift from Okawaru
 34230 | Elf:1    | Found Umpeidit's Jewellery Shop.
 34274 | Elf:1    | Noticed Agnes
 34280 | Elf:1    | Killed Agnes
 34316 | Elf:1    | Reached skill level 15 in Shields
 34434 | Elf:1    | Learned a level 1 spell: Summon Butterflies
 34766 | Elf:2    | Found a large runed door.
 34766 | Elf:2    | Found a large runed door.
 34797 | Elf:2    | Found a large runed door.
 34797 | Elf:2    | Found a large runed door.
 35765 | Elf:2    | Reached skill level 16 in Shields
 35942 | Elf:2    | Received a gift from Okawaru
 35972 | Elf:2    | Reached XP level 19. HP: 136/180 MP: 10/26
 36364 | Vaults:1 | Entered Level 1 of the Vaults
 36798 | Vaults:1 | Reached skill level 17 in Shields
 37019 | Vaults:1 | Received a gift from Okawaru
 37127 | Vaults:1 | Learned a level 1 spell: Apportation
 37942 | Vaults:2 | Upgraded the game from 0.21-a0-508-gf08a75f26b to 0.21-a0-509-gecc5317402
 37972 | Vaults:2 | Noticed Boris
 37990 | Vaults:1 | Killed Boris
 37990 | Vaults:1 | Reached skill level 18 in Shields
 38375 | Vaults:2 | Received a gift from Okawaru
 38555 | Vaults:2 | Learned a level 3 spell: Regeneration
 39813 | Vaults:3 | Received a gift from Okawaru
 39813 | Vaults:3 | Reached XP level 20. HP: 142/191 MP: 7/27
 39819 | Vaults:3 | Reached skill level 19 in Shields
 40395 | Vaults:3 | Found a staircase to the Crypt.
 41436 | Vaults:4 | Reached skill level 20 in Shields
 41475 | Vaults:4 | Received a gift from Okawaru
 42709 | Vaults:4 | Received a gift from Okawaru
 42900 | Vaults:5 | Entered Level 5 of the Vaults
 43006 | Vaults:5 | Reached XP level 21. HP: 184/200 MP: 9/28
 43101 | Vaults:5 | Reached skill level 21 in Shields
 43131 | Vaults:5 | Received a gift from Okawaru
 43172 | Vaults:5 | Noticed Mennas
 43186 | Vaults:5 | Noticed a golden dragon
 43186 | Vaults:5 | Received a gift from Okawaru
 43207 | Vaults:5 | Killed Mennas
 43219 | Vaults:5 | Paralysed by a sphinx for 2 turns
 43257 | Vaults:5 | Killed a golden dragon
 43289 | Vaults:5 | Received a gift from Okawaru
 43605 | Vaults:5 | Got an ichor-stained large shield {god gift}
 43616 | Vaults:5 | Identified the +7 large shield of Modesty {rN+} (Okawaru gifted it to you on level 5 of the Vaults)
 43874 | Vaults:5 | Reached skill level 15 in Dodging
 43928 | Vaults:5 | Reached skill level 22 in Shields
 43977 | Vaults:5 | Noticed an ancient lich
 43993 | Vaults:5 | Killed an ancient lich
 43993 | Vaults:5 | Received a gift from Okawaru
 43993 | Vaults:5 | Reached XP level 22. HP: 204/209 MP: 2/30
 44080 | Vaults:5 | Noticed an ancient lich
 44117 | Vaults:5 | Killed an ancient lich
 44232 | Vaults:5 | Received a gift from Okawaru
 44484 | Vaults:5 | Learned a level 2 spell: Blink
 44487 | Vaults:5 | Learned a level 2 spell: Shroud of Golubria
 44776 | Vaults:5 | Got a silver rune of Zot
 45045 | Vaults:5 | Identified the +0 ring mail "Qirph" {*Slow +Fly rCorr Str+3} (You found it on level 5 of the Vaults)
 45154 | Vaults:5 | Found Diudek's Armour Emporium.
 45166 | Vaults:5 | Identified Ciocuip's Reference Book on Beguiling and the Arsonist
 45187 | Vaults:5 | Upgraded the game from 0.21-a0-509-gecc5317402 to 0.21-a0-510-g5070ee8bc0
 45521 | Depths:1 | Entered Level 1 of the Depths
 45743 | Depths:1 | Found a gateway to Hell.
 45981 | Depths:1 | Reached skill level 23 in Shields
 46485 | Depths:1 | Identified Sif Muna's Guide on Supportive Transmigration
 46494 | Depths:1 | Identified the +0 buckler of Hedging {rElec MR- Regen+ Stlth+} (You found it on level 1 of the Depths)
 46615 | Depths:2 | Found a one-way gate to the infinite horrors of the Abyss.
 46913 | Depths:2 | Received a gift from Okawaru
 46928 | Depths:2 | Got a heavily runed scale mail {god gift}
 46948 | Depths:2 | Identified the +1 scale mail of Reohi {Str+4 Dex+2} (Okawaru gifted it to you on level 2 of the Depths)
 46989 | Depths:2 | Noticed a caustic shrike
 46997 | Depths:2 | Killed a caustic shrike
 47022 | Depths:2 | Noticed a juggernaut
 47041 | Depths:2 | Killed a juggernaut
 47041 | Depths:2 | Reached XP level 23. HP: 188/217 MP: 5/31
 47163 | Depths:2 | Upgraded the game from 0.21-a0-510-g5070ee8bc0 to 0.21-a0-513-gdcb3f5eb25
 47301 | Depths:2 | Found a gateway to a ziggurat.
 48155 | Depths:3 | Lost mutation: Scrolls take you a little longer to read. [a neqoxec]
 48158 | Depths:3 | Gained mutation: You are dopey. (Int -2) [a neqoxec]
 48190 | Depths:3 | Found a one-way gate leading to the halls of Pandemonium.
 48425 | Depths:3 | Received a gift from Okawaru
 48464 | Depths:3 | Got a jewelled scarf {god gift}
 48475 | Depths:3 | Identified the scarf of Disguise {Dex+2 SInv} (Okawaru gifted it to you on level 3 of the Depths)
 48670 | Depths:3 | Reached skill level 24 in Shields
 48843 | Depths:3 | Identified the +3 plate armour of Valour {rC+ rCorr SInv} (You took it off a merfolk impaler on level 3 of the Depths)
 49020 | Depths:3 | Noticed a caustic shrike
 49035 | Depths:3 | Killed a caustic shrike
 49133 | Depths:4 | Noticed Saint Roka
 49153 | Depths:4 | Killed Saint Roka
 49686 | Depths:4 | Noticed a caustic shrike
 49704 | Depths:4 | Killed a caustic shrike
 49771 | Depths:4 | Noticed a juggernaut
 49778 | Depths:4 | Noticed an ancient lich
 49779 | Depths:4 | Noticed a juggernaut
 49797 | Depths:4 | Killed an ancient lich
 49812 | Depths:4 | Killed a juggernaut
 49829 | Depths:4 | Killed a juggernaut
 49829 | Depths:4 | Received a gift from Okawaru
 49857 | Depths:4 | Identified the +1 ring mail of the Orange Skies {rF- Int+4 Slay+3} (Okawaru gifted it to you on level 4 of the Depths)
 50013 | Depths:4 | Reached XP level 24. HP: 206/228 MP: 10/31
 50376 | Depths:4 | Found a portal to a secret trove of treasure.
 50445 | Depths:4 | Found Toxuzyke's Gadget Shoppe.
 50520 | Depths:5 | Entered Level 5 of the Depths
 50717 | Depths:5 | Reached skill level 25 in Shields
 50804 | Depths:5 | Found Umua's Assorted Antiques.
 50981 | Depths:5 | Noticed a juggernaut
 51001 | Depths:5 | Killed a juggernaut
 51256 | Depths:5 | Received a gift from Okawaru
 51543 | Depths:5 | Paralysed by a floating eye for 4 turns
 51656 | Depths:5 | Found a gate to the Realm of Zot.
 52140 | Zot:1    | Entered Level 1 of the Realm of Zot
 52985 | Zot:1    | Received a gift from Okawaru
 53047 | Zot:1    | Reached XP level 25. HP: 212/237 MP: 9/32
 53610 | Zot:2    | Noticed an orb of fire
 53625 | Zot:2    | Killed an orb of fire
 53701 | Zot:2    | Received a gift from Okawaru
 55120 | Zot:3    | Noticed an orb of fire
 55139 | Zot:3    | Killed an orb of fire
 55218 | Zot:3    | Received a gift from Okawaru
 56137 | Zot:4    | Reached XP level 26. HP: 239/248 MP: 4/32
 56272 | Zot:4    | Received a gift from Okawaru
 56377 | Zot:4    | Found Fuefet's Changing Room.
 56536 | Zot:4    | Reached skill level 1 in Summonings
 56536 | Zot:4    | Reached skill level 1 in Translocations
 56592 | Zot:4    | Reached skill level 1 in Necromancy
 56608 | Zot:4    | Reached skill level 1 in Spellcasting
 56623 | Zot:4    | Reached skill level 1 in Charms
 56888 | Zot:5    | Entered Level 5 of the Realm of Zot
 56895 | Zot:5    | Identified the +2 arbalest of Shame {velocity, rElec rC- Int+3 Dex+8} (You found it on level 5 of the Realm of Zot)
 57807 | Zot:5    | Noticed an orb of fire
 57809 | Zot:5    | Gained mutation: You have sharp toenails. [an orb of fire]
 57828 | Zot:5    | Killed an orb of fire
 57853 | Zot:5    | Noticed an ancient lich
 57862 | Zot:5    | Killed an ancient lich
 57973 | Zot:5    | Noticed an ancient lich
 57983 | Zot:5    | Killed an ancient lich
 58123 | Zot:5    | Noticed an orb of fire
 58123 | Zot:5    | Gained mutation: You are clumsy. (Dex -2) [an orb of fire]
 58136 | Zot:5    | Gained mutation: You are very dopey. (Int -4) [an orb of fire]
 58152 | Zot:5    | Killed an orb of fire
 58152 | Zot:5    | Received a gift from Okawaru
 58162 | Zot:5    | Noticed an ancient lich
 58166 | Zot:5    | Noticed an orb of fire
 58180 | Zot:5    | Killed an ancient lich
 58196 | Zot:5    | Killed an orb of fire
 58231 | Zot:5    | Noticed an orb of fire
 58254 | Zot:5    | Killed an orb of fire
 58331 | Zot:5    | Reached skill level 15 in Evocations
 58458 | Zot:5    | Reached XP level 27. HP: 259/259 MP: 11/33
 58592 | Zot:5    | Received a gift from Okawaru
 58670 | Zot:5    | Got the Orb of Zot
 58694 | Zot:5    | Noticed an ancient lich
 58697 | Zot:5    | Noticed Peewkid the pandemonium lord
 58709 | Zot:5    | Killed an ancient lich
 58718 | Zot:5    | Killed Peewkid the pandemonium lord
 58819 | Zot:5    | Noticed Xasmejyr the pandemonium lord
 58823 | Zot:5    | Gained mutation: Armour fits poorly on your strangely shaped body. [a neqoxec]
 58824 | Zot:5    | Lost intelligence.
 58834 | Zot:5    | Gained mutation: You occasionally shout uncontrollably at your foes. [a neqoxec]
 58838 | Zot:5    | Gained mutation: Scrolls take you a little longer to read. [a neqoxec]
 58839 | Zot:5    | HP: 12/259 [golden dragon[an orange crystal statue] (20)]
 58839 | Zot:5    | Slain by a red devil

Vault maps used:
D:1:      dpeg_arrival_pits
D:2:      cheibrodos_pilgrimage, zin_angel, nicolae_qazlal_eye_of_the_storm,
          nicolae_overflow_hidden_temple, kennysheep_slug_shrine,
          gammafunk_temple_overflow_elements
D:3:      lemuel_crystal_altar, first_bread, cheibrodos_gnoll_hut
D:4:      makhleb_blood_cavern_becter, lightli_temple_of_fire
D:5:      gup_sewer_entry_bowl, st_stairs_1
D:6:      lightli_ossuary_entry_decrepit_ruins, serial_shops, shop,
          kennysheep_cluttered_room, minmay_misc_feat_five
D:7:      amethyst_overflow_temple_binary, minmay_temple_entry_mist
D:8:      vehumet_altar_wand_db
D:9:      corexii_checkpoint_a, uniq_maurice
D:10:     kennysheep_seaside_town, serial_shops, nicolae_shop_behind_doors
D:11:     david_lair_shrubbed, minmay_orc_entry_temple_small,
          serial_column_ruins, column_ruins_open_small_water,
          column_ruins_grid_2, column_ruins_grid_1,
          column_ruins_corridor_straight, column_ruins_open_small,
          grunt_livestock
D:12:     minmay_tri_stars, serial_shops, kennysheep_mini, uniq_frances
D:13:     grunt_vaults_entry_fortified
D:14:     basic_altar, lemuel_mausoleum_altar_yredelemnul
D:15:     hangedman_depths_entry_try_elsewhere_first, grunt_decor_resistance,
          grunt_ministairs_8, minmay_misc_feat_iff,
          nicolae_ru_the_path_less_chosen
Temple:   jpeg_temple_alley_garden
Lair:1:   beast_lair_carwin_large_1, hibernation_bobbens
Lair:2:   lab_entry_generic
Lair:3:   minmay_swamp_entry_worms, grunt_forest_large_clearing_hut,
          grunt_megastairs_1
Lair:4:   spider_nest_entry_webs, grunt_megastairs_3
Lair:5:   minmay_slime_entry_oklob_open
Lair:6:   due_jungle_book, minivault_27, lemuel_fruit_tree, serial_bayou_shore_a
Swamp:1:  infiniplex_staircase_pool
Swamp:2:  basic_altar, swamp_pool5, nicolae_swamp_godswood
Swamp:3:  evilmike_swamp_ruin_house_5
Swamp:4:  swamp_vile, swamp_pool1
Spider:2: nicolae_spider_stair_cavern
Spider:3: uniq_nikola
Spider:4: floodkiller_spider_rune_tomb
Orc:1:    orc_temple, basic_altar, serial_shops, shop
Orc:2:    st_orc_mages, basic_altar, nooodl_orcs_dogs, uniq_erolcha
Elf:1:    serial_shops, shop, minmay_elf_crystal_heptagon, spider_trap,
          grunt_megastairs_2, uniq_louise, uniq_agnes
Elf:2:    serial_sigils_hangedman_carve
Vaults:1: vaults_dpeg_doors, v_misc_17, v_rooms_6, nicolae_vaults_theta,
          vaults_room_pool, nicolae_vaults_network_square,
          nicolae_vaults_diagonal_hallway_8, ontoclasm_vaults_pinch
Vaults:2: v_pattern_4, vaults_mumra_lcd, hangedman_vaults_maws,
          vaults_room_grunt_arrival_ludios, hangedman_vaults_restitches,
          nicolae_vaults_ring_of_whatevers, vaults_room_stairs_pillars,
          vaults_standard_mumra_x, uniq_boris
Vaults:3: minmay_crypt_entry_simple_corners, vaults_room_door_hall,
          grunt_vaults_focal, ontoclasm_vaults_spin, vaults_room_door_hall,
          v_misc_22, nicolae_vaults_little_squares_6, nicolae_vaults_asterisk,
          ontoclasm_vaults_ligature, ontoclasm_vaults_misaligned,
          hangedman_vaults_stitches, ontoclasm_vaults_fault,
          ontoclasm_vaults_ring_large, grunt_vaults_hallway_long, v_misc_3
Vaults:4: ontoclasm_vaults_loading_screen, nicolae_vaults_little_squares_6,
          ontoclasm_vaults_decontamination, nicolae_vaults_an_arrangement,
          vaults_room_stairs_pillars, grunt_vaults_swirl, v_misc_5, v_misc_4,
          hangedman_vaults_snaps, ontoclasm_vaults_gateway,
          vaults_mumra_minichess
Vaults:5: uniq_mennas
Depths:1: hell_entry, minmay_misc_feat_diagonals, grunt_ministairs_5,
          solitary_fountain, horrible_house_mu
Depths:2: minmay_containers, enter_ziggurat_c, grunt_hell_horde, abyss_entry,
          hangedman_decor_riveting
Depths:3: cross_vault, solitary_fountain, rand_demon_pan_entry_7, hell_entry
Depths:4: minmay_three_patterns, enter_trove_5, serial_sigils,
          serial_sigils_hangedman_clutch, serial_sigils_hangedman_gut,
          serial_sigils_hangedman_shear, serial_sigils_hangedman_stare,
          serial_sigils_hangedman_shear, hangedman_abyss_entry_splay,
          serial_shops, nicolae_shop_temple_entry_statues_fountains,
          pf_vacation_house_of_asmodeus, nrook_pool_corridor, uniq_saint_roka
Depths:5: grunt_zot_entry_alcove, serial_shops, nicolae_shop_overgrown_old_shop,
          serial_co_window_serial, co_window_of_opportunity_a,
          co_window_paths_b, co_window_of_opportunity_a, co_window_corner_a,
          co_window_of_opportunity_a, co_window_broadway_b,
          co_window_unsneaky_path_a, co_window_paths_c,
          co_window_unsneaky_path_e, co_window_of_opportunity_b,
          glass_columns_b, glass_columns_b, glass_columns_c, glass_columns_a,
          pf_hell_entry_tar_spiral
Zot:1:    zot_minivault_1
Zot:2:    basic_loot_grate_trap, lemuel_golem_globe
Zot:4:    st_stairs_12, nicolae_transmutations_shop
Sewer:    kennysheep_pipe_town
Ossuary:  ossuary_tomb_3

Skill      XL: |  1  2  3  4  5  6  7  8  9 10 11 12 13 14 15 16 17 18 19 20 21 22 23 24 25 26 27 |
---------------+----------------------------------------------------------------------------------+-----
Maces & Flails | 4 5 6 7 9 11 12 14 16 17 18 19 20 21 23 | 23.8
Armour         | 1 2 3 4 5 6 8 10 11 12 13 14 15 16 17 18 19 20 21 | 21.6
Shields        | 1 2 3 4 6 12 16 18 20 22 23 24 25 | 25.0
Dodging        | 4 5 6 8 9 10 11 12 13 14 15 16 17 18 | 18.4
Fighting       | 5 7 8 10 11 13 16 17 18 19 20 21 22 23 | 23.6
Evocations     | 3 4 6 7 8 9 10 11 12 13 14 15 | 15.2
Invocations    | 2 4 6 7 8 9 10 | 10.5
Summonings     | 3 4 |  4.0
Translocations | 3 |  3.9
Necromancy     | 3 |  3.9
Spellcasting   | 3 |  3.7
Charms         | 3 |  3.6
Stealth        | |  1.5

Action                   |  1- 3 |  4- 6 |  7- 9 | 10-12 | 13-15 | 16-18 | 19-21 | 22-24 | 25-27 || total
-------------------------+-------+-------+-------+-------+-------+-------+-------+-------+-------++-------
Melee: Mace              |    79 |   137 |       |       |       |       |       |       |       ||   216
       Headbutt          |     9 |    36 |   100 |   221 |   381 |   578 |   651 |   846 |   488 ||  3310
       Whip              |       |    71 |   482 |   432 |       |       |       |       |       ||   985
       Morningstar       |       |       |       |   379 |  1198 |  1657 |  1612 |  1894 |  1166 ||  7906
       Punch             |       |       |       |     2 |       |       |       |       |       ||     2
       Great mace        |       |       |       |       |       |     9 |     3 |       |       ||    12
       Kick              |       |       |       |       |       |       |       |       |   212 ||   212
Throw: Throwing net      |       |       |     1 |       |       |       |       |       |       ||     1
Invok: Heroism           |       |       |     1 |     6 |    12 |    13 |    16 |    22 |    24 ||    94
       Finesse           |       |       |       |       |     2 |     4 |     6 |     8 |     8 ||    28
Evoke: Wand              |       |       |     1 |     3 |     4 |     1 |       |     4 |     1 ||    14
       Phantom mirror    |       |       |       |       |       |       |       |     1 |     3 ||     4
       Box of beasts     |       |       |       |       |       |       |       |       |     3 ||     3
  Use: Scroll            |     1 |     8 |     5 |    15 |     9 |     7 |     4 |    15 |    30 ||    94
       Potion            |       |     2 |     7 |     7 |     5 |    14 |    13 |     1 |     5 ||    54
 Stab: Paralysed         |       |       |       |     4 |       |       |       |       |       ||     4
       Petrified         |       |       |       |     7 |       |       |       |       |       ||     7
       Confused          |       |       |       |       |       |       |       |       |     2 ||     2
  Eat: Chunk             |       |     8 |    12 |    23 |    26 |     6 |     5 |    11 |     5 ||    96
       Fruit             |       |       |       |       |     9 |     7 |     1 |     7 |     3 ||    27
       Bread ration      |       |       |       |       |       |     5 |     5 |     3 |     1 ||    14
       Meat ration       |       |       |       |       |       |     1 |       |       |     1 ||     2
       Royal jelly       |       |       |       |       |       |       |       |       |     1 ||     1
Armor: Robe              |     7 |       |       |       |       |       |       |       |       ||     7
       Scale mail        |    21 |    73 |   116 |   173 |    73 |       |       |       |       ||   456
       Skin              |       |     2 |       |       |       |       |       |       |       ||     2
       Plate armour      |       |       |       |       |   275 |   410 |   118 |   125 |     5 ||   933
       Gold dragon scale |       |       |       |       |       |       |       |    71 |   263 ||   334
Dodge: Dodged            |    46 |    79 |   166 |   385 |   601 |   657 |   262 |   453 |   447 ||  3096
Block: Buckler           |     4 |    28 |    74 |   128 |   276 |    81 |       |       |       ||   591
       Large shield      |       |       |       |       |       |  1619 |  1400 |  1888 |  1367 ||  6274
       Shield            |       |       |       |       |       |    11 |       |       |       ||    11

Table legend:
 A = Spawn XP
 B = Non-spawn XP
 C = Spawn XP percentage of total XP
 D = Spawn monster count
 E = Non-spawn monster count
 F = Spawn count percentage of total count
 G = Total turns spent on level
                    A         B        C        D         E        F      G
               +---------+---------+-------+---------+---------+-------+---------
         Total |       0 | 1540777 |   0.0 |       0 |    2230 |   0.0 | 58839
               +---------+---------+-------+---------+---------+-------+---------
           D:1 |       0 |      53 |   0.0 |       0 |      28 |   0.0 |   858
           D:2 |       0 |     210 |   0.0 |       0 |      34 |   0.0 |   864
           D:3 |       0 |     151 |   0.0 |       0 |      15 |   0.0 |   651
           D:4 |       0 |     156 |   0.0 |       0 |      17 |   0.0 |   765
           D:5 |       0 |     292 |   0.0 |       0 |      25 |   0.0 |   551
           D:6 |       0 |    1429 |   0.0 |       0 |      30 |   0.0 |  1067
           D:7 |       0 |    1690 |   0.0 |       0 |      26 |   0.0 |   867
           D:8 |       0 |     567 |   0.0 |       0 |      11 |   0.0 |   808
           D:9 |       0 |    2508 |   0.0 |       0 |      26 |   0.0 |  1240
          D:10 |       0 |    2777 |   0.0 |       0 |      41 |   0.0 |  1010
          D:11 |       0 |    5663 |   0.0 |       0 |      54 |   0.0 |  1630
          D:12 |       0 |   15416 |   0.0 |       0 |      35 |   0.0 |  1323
          D:13 |       0 |   13296 |   0.0 |       0 |      30 |   0.0 |  1505
          D:14 |       0 |   12368 |   0.0 |       0 |      57 |   0.0 |   621
          D:15 |       0 |   11674 |   0.0 |       0 |      30 |   0.0 |  1167
        Lair:1 |       0 |    2861 |   0.0 |       0 |      18 |   0.0 |  1035
        Lair:2 |       0 |    6209 |   0.0 |       0 |      30 |   0.0 |  1348
        Lair:3 |       0 |    5342 |   0.0 |       0 |      17 |   0.0 |   899
        Lair:4 |       0 |   10553 |   0.0 |       0 |      30 |   0.0 |   914
        Lair:5 |       0 |    3647 |   0.0 |       0 |      12 |   0.0 |   715
        Lair:6 |       0 |   21649 |   0.0 |       0 |      47 |   0.0 |  1576
       Swamp:1 |       0 |   13220 |   0.0 |       0 |      34 |   0.0 |   864
       Swamp:2 |       0 |   14615 |   0.0 |       0 |      36 |   0.0 |  1076
       Swamp:3 |       0 |    7236 |   0.0 |       0 |      16 |   0.0 |   846
       Swamp:4 |       0 |   37891 |   0.0 |       0 |      64 |   0.0 |  1514
      Spider:1 |       0 |   14411 |   0.0 |       0 |      36 |   0.0 |  1328
      Spider:2 |       0 |   16855 |   0.0 |       0 |      46 |   0.0 |   966
      Spider:3 |       0 |   23719 |   0.0 |       0 |      52 |   0.0 |   740
      Spider:4 |       0 |   46306 |   0.0 |       0 |     101 |   0.0 |  1940
         Orc:1 |       0 |    8354 |   0.0 |       0 |      59 |   0.0 |  1080
         Orc:2 |       0 |   13408 |   0.0 |       0 |     107 |   0.0 |  1207
         Elf:1 |       0 |   25796 |   0.0 |       0 |      36 |   0.0 |  1182
         Elf:2 |       0 |   41174 |   0.0 |       0 |      55 |   0.0 |  1520
      Vaults:1 |       0 |   57333 |   0.0 |       0 |      83 |   0.0 |  1730
      Vaults:2 |       0 |   30594 |   0.0 |       0 |      50 |   0.0 |  1640
      Vaults:3 |       0 |   43525 |   0.0 |       0 |      59 |   0.0 |  1556
      Vaults:4 |       0 |   52768 |   0.0 |       0 |      67 |   0.0 |  1681
      Vaults:5 |       0 |  206246 |   0.0 |       0 |     173 |   0.0 |  2469
      Depths:1 |       0 |   38342 |   0.0 |       0 |      54 |   0.0 |  1072
      Depths:2 |       0 |   54686 |   0.0 |       0 |      58 |   0.0 |  1282
      Depths:3 |       0 |   56703 |   0.0 |       0 |      69 |   0.0 |  1243
      Depths:4 |       0 |   80152 |   0.0 |       0 |      57 |   0.0 |  1402
      Depths:5 |       0 |   89159 |   0.0 |       0 |      55 |   0.0 |  1620
         Zot:1 |       0 |   64517 |   0.0 |       0 |      39 |   0.0 |  1283
         Zot:2 |       0 |   83976 |   0.0 |       0 |      45 |   0.0 |  1424
         Zot:3 |       0 |   55523 |   0.0 |       0 |      33 |   0.0 |  1122
         Zot:4 |       0 |   43254 |   0.0 |       0 |      23 |   0.0 |   919
         Zot:5 |       0 |  201992 |   0.0 |       0 |      70 |   0.0 |  1951
         Sewer |       0 |     336 |   0.0 |       0 |      24 |   0.0 |   291
       Ossuary |       0 |     175 |   0.0 |       0 |      16 |   0.0 |   278
               +---------+---------+-------+---------+---------+-------+---------
